[Event "Titled Tuesday Blitz January 10 Late 2023"]
[White "Paravyan, David"]
[Black "Boruchovsky, Avital"]
[WhiteFideId "4194985"]
[BlackFideId "2800055"]
[WhiteElo "2601"]
[BlackElo "2539"]
[Result "1-0"]
[Round "04"]
[TimeControl "180+2"]
[Date "2023.01.10"]
[WhiteClock "0:00:47"]
[BlackClock "0:00:12"]

1. e4 e5 2. Nf3 Nc6 3. Bb5 a6 4. Ba4 Nf6 5. O-O Nxe4 6. d4 b5 7. Bb3 d5 8. dxe5 Be6 9. Nbd2 Nc5 10. c3 Bf5 11. Nd4 Nxd4 12. cxd4 Ne6 13. Nb1 Rc8 14. Nc3 c5 15. dxc5 d4 16. Ne2 Bxc5 17. Ng3 Bg6 18. f4 Bc2 19. Bxc2 d3+ 20. Kh1 dxc2 21. Qxc2 Nd4 22. Qd1 O-O 23. Be3 Bb6 24. Qg4 f5 25. exf6 Qxf6 26. Rad1 Rfd8 27. f5 Rc4 28. Bg5 Ne2 29. Qxc4+ bxc4 30. Bxf6 Nxg3+ 31. hxg3 gxf6 32. Rxd8+ Bxd8 33. Rf4 1-0


[Site "https://www.chess.com"]

[Event "Titled Tuesday Blitz January 10 Late 2023"]
[White "Jobava, Baadur"]
[Black "Corrales Jimenez, Fidel"]
[WhiteFideId "13601520"]
[BlackFideId "3506690"]
[WhiteElo "2578"]
[BlackElo "2489"]
[Result "1-0"]
[Round "04"]
[TimeControl "180+2"]
[Date "2023.01.10"]
[WhiteClock "0:00:31"]
[BlackClock "0:00:36"]

1. e4 c5 2. c3 Nf6 3. e5 Nd5 4. Qf3 e6 5. Qg3 Nc6 6. Nf3 a6 7. Na3 Nde7 8. Nc4 Nf5 9. Qh3 b5 10. Ne3 g6 11. Nxf5 gxf5 12. Be2 Bb7 13. O-O Qb6 14. a4 O-O-O 15. axb5 axb5 16. d4 h6 17. Be3 cxd4 18. cxd4 f4 19. Bxf4 Nb4 20. Bd2 Kb8 21. Rfc1 Rg8 22. Qh4 Nd5 23. Ba5 Qxa5 24. Rxa5 Be7 25. Qxh6 Rh8 26. Qd2 Bb4 27. Qxb4 Nxb4 28. Rxb5 Nd5 29. g3 Nc7 30. Rb3 Rc8 31. h4 Nd5 32. Rxc8+ Kxc8 33. Ng5 Rf8 34. Bf3 Bc6 35. Kg2 Ne7 36. Bxc6 Nxc6 37. Rf3 Nxd4 38. Rxf7 Rg8 39. f4 Nf5 40. h5 Kc7 41. Kh3 Kc6 42. g4 Ne3 43. h6 Kd5 44. Rxd7+ Kc4 45. h7 Rh8 46. Nxe6 Nd5 47. g5 Rb8 48. g6 1-0


[Site "https://www.chess.com"]

[Event "Titled Tuesday Blitz January 10 Late 2023"]
[White "Preotu, Razvan"]
[Black "Martinez Alcantara, Jose Eduardo"]
[WhiteFideId "2613280"]
[BlackFideId "3805662"]
[WhiteElo "2475"]
[BlackElo "2619"]
[Result "0-1"]
[Round "04"]
[TimeControl "180+2"]
[Date "2023.01.10"]
[WhiteClock "0:00:06"]
[BlackClock "0:00:16"]

1. e4 Nc6 2. Nf3 d6 3. d4 Nf6 4. Nc3 g6 5. d5 Nb8 6. Be3 Bg4 7. Be2 Bxf3 8. Bxf3 Nbd7 9. Qd2 c6 10. O-O-O Rc8 11. dxc6 bxc6 12. Be2 Bg7 13. Bh6 Bxh6 14. Qxh6 Qb6 15. f3 Rb8 16. b3 Qc5 17. Kb2 Qh5 18. Qxh5 Nxh5 19. g3 Nhf6 20. f4 O-O 21. Bf3 Nb6 22. Rhe1 Nfd7 23. Kc1 Rfd8 24. e5 d5 25. e6 Nc5 26. exf7+ Kxf7 27. Ne2 Rd6 28. Nd4 Ne6 29. Ne2 c5 30. Bg4 Nc7 31. Ng1 d4 32. Nf3 h6 33. Ne5+ Kf6 34. Nd3 Na6 35. Re5 c4 36. Nf2 Kf7 37. Rde1 Rb7 38. bxc4 Nxc4 39. Be6+ Rxe6 40. Rxe6 Nb4 41. c3 dxc3 42. R6e2 Na3 43. Rd1 Nxa2+ 44. Rxa2 Rb1# 0-1


[Site "https://www.chess.com"]

[Event "Titled Tuesday Blitz January 10 Late 2023"]
[White "Svane, Rasmus"]
[Black "Jaracz, Pawel"]
[WhiteFideId "4657101"]
[BlackFideId "1102222"]
[WhiteElo "2623"]
[BlackElo "2467"]
[Result "1-0"]
[Round "04"]
[TimeControl "180+2"]
[Date "2023.01.10"]
[WhiteClock "0:02:00"]
[BlackClock "0:01:58"]

1. Nf3 b5 2. e4 Bb7 3. Bxb5 Bxe4 4. O-O e6 5. Re1 Bb7 6. d4 Nf6 7. c4 Be7 8. Nc3 c6 9. Ba4 O-O 10. c5 Ba6 11. Bg5 Bc4 12. Ne5 Bd5 13. Rc1 Na6 14. Re3 Nc7 15. Rh3 h6 16. Bxh6 gxh6 17. Qd2 h5 18. Qg5+ Kh8 19. Qh6+ Kg8 20. Rg3+ 1-0


[Site "https://www.chess.com"]

[Event "Titled Tuesday Blitz January 10 Late 2023"]
[White "Bryakin, Mikhail"]
[Black "Mamedyarov, Shakhriyar"]
[WhiteFideId "4165314"]
[BlackFideId "13401319"]
[WhiteElo "2455"]
[BlackElo "2738"]
[Result "1-0"]
[Round "04"]
[TimeControl "180+2"]
[Date "2023.01.10"]
[WhiteClock "0:00:01"]
[BlackClock "0:00:02"]

1. d4 Nf6 2. Nc3 d5 3. Bf4 c5 4. e4 Nxe4 5. Nxe4 dxe4 6. dxc5 Qa5+ 7. c3 Qxc5 8. Qa4+ Nc6 9. Qxe4 g6 10. Nf3 Bg7 11. Qe3 Qxe3+ 12. Bxe3 O-O 13. O-O-O Be6 14. Nd4 Bxd4 15. Bxd4 Bxa2 16. Bc5 Rfd8 17. Bb5 Kf8 18. Bxc6 bxc6 19. Rxd8+ Rxd8 20. Rd1 Rxd1+ 21. Kxd1 a6 22. f4 Ke8 23. Kd2 h5 24. h4 Kd7 25. Ke3 Ke6 26. g3 f6 27. Bb4 Kd7 28. Bc5 a5 29. Bb6 a4 30. Bc5 e5 31. fxe5 fxe5 32. Ba3 Ke6 33. Bf8 Kd5 34. Be7 Bb1 35. Bf8 Kc4 36. Bd6 Kb3 37. Ba3 Bf5 38. Kd2 Be4 39. Ke3 Bb1 40. Kd2 Bf5 41. Ke3 Kc2 42. Ke2 Bd3+ 43. Ke3 e4 44. c4 Kb3 45. Kd4 c5+ 46. Bxc5 Kxb2 47. Be7 a3 48. c5 a2 49. Ke3 a1=Q 50. Bf6+ Kb1 51. Bxa1 Kxa1 52. c6 Kb2 53. c7 Ba6 54. Kxe4 Bc8 55. Kf4 Kc3 56. Kg5 Bf5 57. g4 hxg4 58. h5 g3 59. hxg6 Bc8 60. g7 g2 61. Kh6 g1=Q 62. Kh7 1-0


[Site "https://www.chess.com"]

[Event "Titled Tuesday Blitz January 10 Late 2023"]
[White "Talibov, Shiroghlan"]
[Black "Zierk, Steven"]
[WhiteFideId "13429078"]
[BlackFideId "2034255"]
[WhiteElo "2359"]
[BlackElo "2488"]
[Result "1-0"]
[Round "04"]
[TimeControl "180+2"]
[Date "2023.01.10"]
[WhiteClock "0:01:08"]
[BlackClock "0:00:05"]

1. e4 e6 2. d4 d5 3. e5 c5 4. c3 Nc6 5. Nf3 Bd7 6. Bd3 Qb6 7. O-O cxd4 8. Re1 Nge7 9. h4 dxc3 10. bxc3 Nf5 11. Bxf5 exf5 12. Nbd2 Be7 13. Nb3 Be6 14. Nbd4 O-O 15. Bg5 Bxg5 16. hxg5 Nxd4 17. Nxd4 Rac8 18. Re3 f4 19. Rd3 Rc4 20. Qd2 Rfc8 21. Rc1 Qa5 22. Rb1 b6 23. Rb3 g6 24. Rf3 Qc5 25. Qxf4 Qe7 26. Kh2 Bd7 27. g4 Ba4 28. Rb4 Rxb4 29. cxb4 Rc4 30. e6 fxe6 31. Qb8+ Be8 32. Qe5 Bd7 33. Rf6 Qxb4 34. Nxe6 Rc8 35. Rxg6+ Kf7 36. Qf6+ 1-0


[Site "https://www.chess.com"]

[Event "Titled Tuesday Blitz January 10 Late 2023"]
[White "Borges Feria, Yasel"]
[Black "Aravindh, Chithambaram VR."]
[WhiteFideId "3504921"]
[BlackFideId "5072786"]
[WhiteElo "2439"]
[BlackElo "2633"]
[Result "1/2-1/2"]
[Round "04"]
[TimeControl "180+2"]
[Date "2023.01.10"]
[WhiteClock "0:00:47"]
[BlackClock "0:00:07"]

1. e4 Nf6 2. e5 Nd5 3. d4 d6 4. Nf3 dxe5 5. Nxe5 c6 6. Be2 Bf5 7. a3 Nd7 8. Nf3 e6 9. O-O Bd6 10. c4 N5f6 11. Nc3 O-O 12. Re1 h6 13. Bd3 Bg4 14. h3 Bxf3 15. Qxf3 c5 16. Be3 a6 17. Rad1 Qc7 18. dxc5 Nxc5 19. Bxc5 Bxc5 20. Ne4 Be7 21. b4 Rfd8 22. Nxf6+ Bxf6 23. Be4 Qxc4 24. Bxb7 Rxd1 25. Rxd1 Rb8 26. g3 Bd4 27. Kg2 e5 28. Qd5 Qe2 29. Qf3 Qc4 30. Qd5 Qc2 31. Rf1 Qd3 32. Qf3 Qc4 33. Qd5 Qc3 34. Qf3 Qc4 35. Qd5 Qb5 36. Qxb5 axb5 37. Bd5 Rc8 38. f4 Rc2+ 39. Kh1 Rc3 40. fxe5 Bxe5 41. Rxf7 Kh7 42. Rf3 Rxf3 43. Bxf3 Bb2 44. Be2 Bxa3 45. Bd3+ Kh8 46. Bxb5 Bxb4 47. Kg2 Bd6 48. g4 Be7 49. Bd3 g5 50. Kf3 Kg7 51. Bc4 Kf6 52. Bd3 Bd6 53. Bc4 Be7 54. Bb3 Bd6 55. Bc4 Be7 1/2-1/2


[Site "https://www.chess.com"]

[Event "Titled Tuesday Blitz January 10 Late 2023"]
[White "Moroni, Luca Jr"]
[Black "Wieczorek, Oskar"]
[WhiteFideId "865834"]
[BlackFideId "1133950"]
[WhiteElo "2535"]
[BlackElo "2512"]
[Result "1-0"]
[Round "04"]
[TimeControl "180+2"]
[Date "2023.01.10"]
[WhiteClock "0:00:04"]
[BlackClock "0:00:01"]

1. d4 Nf6 2. Nf3 c5 3. c4 cxd4 4. Nxd4 Nc6 5. Nc3 d6 6. g3 g6 7. Bg2 Bd7 8. O-O Bg7 9. Nc2 h5 10. h4 Ng4 11. Qd2 O-O 12. b3 a6 13. a4 Rb8 14. Rb1 Bf5 15. Bb2 Qa5 16. e4 Be6 17. Rfd1 Rfc8 18. Ba1 Qb6 19. Nd5 Bxd5 20. exd5 Nce5 21. Bd4 Qc7 22. a5 Nd7 23. Re1 Bxd4 24. Nxd4 Re8 25. Re2 Nde5 26. Rbe1 Qc5 27. f4 Nd7 28. Rxe7 Rxe7 29. Rxe7 Ndf6 30. Bf1 b6 31. b4 Qc8 32. Nc6 Ra8 33. axb6 Rb8 34. Nxb8 Qxb8 35. b7 Qa7+ 36. c5 dxc5 37. Bc4 cxb4+ 38. Kg2 Kg7 39. d6 Qc5 40. Rxf7+ Kh6 41. f5+ Ne3+ 42. Kf3 Ng4 43. b8=Q Qc6+ 44. Bd5 Ne5+ 45. Kxe3 Qc5+ 46. Ke2+ g5 47. Qxg5# 1-0


[Site "https://www.chess.com"]

[Event "Titled Tuesday Blitz January 10 Late 2023"]
[White "Hansen, Eric"]
[Black "Nazari, Arad"]
[WhiteFideId "2606771"]
[BlackFideId "12577324"]
[WhiteElo "2609"]
[BlackElo "2367"]
[Result "1-0"]
[Round "04"]
[TimeControl "180+2"]
[Date "2023.01.10"]
[WhiteClock "0:01:23"]
[BlackClock "0:00:10"]

1. Nf3 c5 2. g3 Nc6 3. Bg2 g6 4. O-O Bg7 5. c4 e5 6. Nc3 Nge7 7. a3 O-O 8. b4 d6 9. bxc5 dxc5 10. Rb1 b6 11. d3 h6 12. Ne1 Be6 13. Nc2 Rc8 14. Ne3 f5 15. Ned5 Kh7 16. e3 Bg8 17. Bb2 Qd7 18. Qc2 Nxd5 19. cxd5 Ne7 20. e4 f4 21. Qa4 Qg4 22. f3 Qg5 23. Bc1 h5 24. Qxa7 c4 25. Qa6 cxd3 26. Qxd3 Qf6 27. a4 fxg3 28. hxg3 Bh6 29. Bxh6 Kxh6 30. Qe3+ Kh7 31. Rxb6 Qg7 32. Nb5 Rc2 33. Rb7 Rf7 34. Qg5 Nc8 35. Rxf7 Qxf7 36. Qxe5 Qb7 37. Qd4 Ra2 38. Rc1 Nb6 39. Rc7+ 1-0


[Site "https://www.chess.com"]

[Event "Titled Tuesday Blitz January 10 Late 2023"]
[White "Ivic, Velimir"]
[Black "Martins, Bruno Andre Leite"]
[WhiteFideId "950122"]
[BlackFideId "1942255"]
[WhiteElo "2595"]
[BlackElo "2348"]
[Result "1-0"]
[Round "04"]
[TimeControl "180+2"]
[Date "2023.01.10"]
[WhiteClock "0:02:08"]
[BlackClock "0:01:10"]

1. e4 e6 2. d4 d5 3. Nc3 Nf6 4. e5 Nfd7 5. f4 c5 6. Nf3 Nc6 7. Be3 a6 8. Be2 b5 9. a3 Qb6 10. O-O Be7 11. Na2 f5 12. exf6 Nxf6 13. c3 O-O 14. Kh1 Bd7 15. Nc1 Rae8 16. Nd3 c4 17. Nde5 Nxe5 18. Nxe5 Rd8 19. Bf3 Ne4 20. Qe2 Bc6 21. Bxe4 1-0


[Site "https://www.chess.com"]

[Event "Titled Tuesday Blitz January 10 Late 2023"]
[White "Baskakov, Egor"]
[Black "Hansen, Torbjorn Ringdal"]
[WhiteFideId "24197866"]
[BlackFideId "1501720"]
[WhiteElo "2215"]
[BlackElo "2432"]
[Result "1-0"]
[Round "04"]
[TimeControl "180+2"]
[Date "2023.01.10"]
[WhiteClock "0:00:08"]
[BlackClock "0:00:05"]

1. e4 c6 2. d4 d5 3. e5 c5 4. c4 cxd4 5. Nf3 Bg4 6. Qxd4 Bxf3 7. gxf3 e6 8. cxd5 exd5 9. Nc3 Ne7 10. Bb5+ Nbc6 11. Bg5 a6 12. Bxc6+ Nxc6 13. Qf4 Be7 14. Rg1 Bxg5 15. Rxg5 g6 16. O-O-O Rc8 17. Kb1 Ne7 18. e6 O-O 19. Nxd5 Nxd5 20. Rgxd5 Qe7 21. exf7+ Qxf7 22. Qb4 Qxf3 23. Qxb7 Qxf2 24. R5d2 Qf5+ 25. Ka1 a5 26. a3 a4 27. Qb4 Rc2 28. Qxa4 Rxd2 29. Rxd2 Qf1+ 30. Ka2 Rb8 31. Qe4 Qf7+ 32. Qd5 h5 33. b4 g5 34. Qxf7+ Kxf7 35. Kb3 g4 36. a4 h4 37. b5 g3 38. hxg3 hxg3 39. Kb4 Rg8 40. Rg2 Ke6 41. a5 Kd6 42. a6 Kc7 43. Ka5 Rg5 44. Rc2+ Kb8 45. Kb6 Rg6+ 46. Ka5 g2 47. b6 Rg8 48. a7+ Kb7 49. Rc7+ Ka8 50. Ka6 Rb8 51. axb8=Q+ Kxb8 52. Rg7 1-0


[Site "https://www.chess.com"]

[Event "Titled Tuesday Blitz January 10 Late 2023"]
[White "Pham, Khoi"]
[Black "Naroditsky, Daniel"]
[WhiteFideId "1054988"]
[BlackFideId "2026961"]
[WhiteElo "2355"]
[BlackElo "2618"]
[Result "0-1"]
[Round "04"]
[TimeControl "180+2"]
[Date "2023.01.10"]
[WhiteClock "0:01:04"]
[BlackClock "0:01:07"]

1. e4 c6 2. Nc3 d5 3. Nf3 dxe4 4. Nxe4 Nf6 5. Qe2 Nxe4 6. Qxe4 Nd7 7. d4 Nf6 8. Qf4 g6 9. Bd3 Bg7 10. O-O O-O 11. Re1 Bg4 12. Ne5 Be6 13. c3 Nd7 14. Nxd7 Qxd7 15. Bc2 Bd5 16. Qg3 b5 17. Bf4 a5 18. h4 h5 19. Be5 Rae8 20. Bxg7 Kxg7 21. Re5 Qg4 22. Qxg4 hxg4 23. Rae1 e6 24. b3 Rh8 25. Bd3 Rxh4 26. c4 Reh8 27. f3 g3 28. Kf1 bxc4 29. bxc4 Rh1+ 30. Ke2 Rxe1+ 31. Kxe1 Bxf3 32. gxf3 Rh1+ 0-1


[Site "https://www.chess.com"]

[Event "Titled Tuesday Blitz January 10 Late 2023"]
[White "Deac, Bogdan-Daniel"]
[Black "Gorodetzky, David"]
[WhiteFideId "1226380"]
[BlackFideId "2813416"]
[WhiteElo "2700"]
[BlackElo "2485"]
[Result "1-0"]
[Round "04"]
[TimeControl "180+2"]
[Date "2023.01.10"]
[WhiteClock "0:01:42"]
[BlackClock "0:01:13"]

1. c4 Nf6 2. g3 c6 3. Nf3 d5 4. d4 Bf5 5. Nc3 e6 6. Nh4 Be4 7. f3 Bg6 8. Qb3 Qb6 9. c5 Qc7 10. Bf4 Qc8 11. e4 dxe4 12. Nxg6 hxg6 13. fxe4 Nh5 14. O-O-O Nxf4 15. gxf4 Rh4 16. f5 exf5 17. Bc4 Qc7 18. exf5 Qf4+ 19. Kb1 Qxf5+ 20. Ka1 b5 21. Nxb5 cxb5 22. Bd5 1-0


[Site "https://www.chess.com"]

[Event "Titled Tuesday Blitz January 10 Late 2023"]
[White "Timmermans, Mark"]
[Black "Caruana, Fabiano"]
[WhiteFideId "1026399"]
[BlackFideId "2020009"]
[WhiteElo "2392"]
[BlackElo "2764"]
[Result "1/2-1/2"]
[Round "04"]
[TimeControl "180+2"]
[Date "2023.01.10"]
[WhiteClock "0:00:14"]
[BlackClock "0:00:09"]

1. b4 e5 2. Bb2 Bxb4 3. Bxe5 Nf6 4. Nc3 O-O 5. Bxf6 Qxf6 6. Nd5 Qd6 7. c4 Ba5 8. e3 c6 9. Nf4 Qe7 10. Nf3 Bc7 11. g3 Bxf4 12. gxf4 d5 13. cxd5 cxd5 14. Bg2 Nc6 15. O-O Bf5 16. d4 Be4 17. Ne5 Bxg2 18. Kxg2 Rac8 19. Qf3 Rfd8 20. Rfc1 h6 21. Rab1 Qe6 22. Qh3 Qxh3+ 23. Kxh3 Nxe5 24. fxe5 b6 25. Kg4 Kf8 26. Kf4 Ke7 27. f3 Ke6 28. h4 g6 29. e4 dxe4 30. Kxe4 f5+ 31. Kd3 Rc5 32. f4 g5 33. hxg5 hxg5 34. fxg5 Rxe5 35. Re1 Rxe1 36. Rxe1+ Kf7 37. a4 Rd7 38. a5 bxa5 39. Re5 Kg6 40. Rxa5 Kxg5 41. Ke3 Kg4 42. Kf2 f4 43. d5 Kf5 44. Kf3 Ke5 45. Ra1 Rf7 46. Ra5 Kd6 47. Rb5 Ke5 48. Ra5 Kd6 49. Rb5 Kc7 50. Ra5 Kb6 51. Ra1 a5 52. Rd1 a4 53. d6 Kc6 54. Rd4 Ra7 55. d7 Rxd7 56. Rxa4 Rf7 57. Rxf4 Rxf4+ 58. Kxf4 1/2-1/2


[Site "https://www.chess.com"]

[Event "Titled Tuesday Blitz January 10 Late 2023"]
[White "Xiong, Jeffery"]
[Black "Makridis, Dimitrios"]
[WhiteFideId "2047640"]
[BlackFideId "25864475"]
[WhiteElo "2692"]
[BlackElo "2356"]
[Result "1-0"]
[Round "04"]
[TimeControl "180+2"]
[Date "2023.01.10"]
[WhiteClock "0:01:42"]
[BlackClock "0:00:05"]

1. d4 Nf6 2. c4 e6 3. Nc3 Bb4 4. Nf3 O-O 5. Bg5 h6 6. Bh4 g5 7. Bg3 Ne4 8. Rc1 f5 9. e3 d6 10. Bd3 Bxc3+ 11. bxc3 b6 12. Bxe4 fxe4 13. Nd2 Bb7 14. h4 Qf6 15. Qh5 Rf7 16. hxg5 hxg5 17. c5 bxc5 18. dxc5 Nd7 19. cxd6 cxd6 20. Nc4 Nc5 21. Nxd6 Nd3+ 22. Kd2 Qxf2+ 23. Bxf2 Rxf2+ 24. Qe2 Rxe2+ 25. Kxe2 Nxc1+ 26. Rxc1 Bc6 27. c4 Rb8 28. Rc2 Kf8 29. Kf2 Ke7 30. c5 Bd5 31. Kg3 a5 32. Kg4 a4 33. Kxg5 a3 34. Rc3 Ra8 35. Nb5 Rg8+ 36. Kf4 Kf6 37. g4 Rh8 38. Rxa3 Rh3 39. g5+ Kg6 40. Nd4 Rh2 41. c6 Rh1 42. Rc3 Rh8 43. c7 Rc8 44. Ke5 1-0


[Site "https://www.chess.com"]

[Event "Titled Tuesday Blitz January 10 Late 2023"]
[White "Chigaev, Maksim"]
[Black "Rustemov, Alexander"]
[WhiteFideId "4108116"]
[BlackFideId "4119002"]
[WhiteElo "2628"]
[BlackElo "2525"]
[Result "1/2-1/2"]
[Round "04"]
[TimeControl "180+2"]
[Date "2023.01.10"]
[WhiteClock "0:00:29"]
[BlackClock "0:01:30"]

1. e4 e6 2. d4 d5 3. Nd2 dxe4 4. Nxe4 Bd7 5. Nf3 Bc6 6. Bd3 Nd7 7. O-O Ngf6 8. Ng3 Be7 9. b3 b5 10. a3 a5 11. Re1 b4 12. Ne5 Nxe5 13. dxe5 Qd5 14. Bf1 Qxd1 15. Rxd1 Nd5 16. axb4 axb4 17. Rxa8+ Bxa8 18. Bb5+ c6 19. Bc4 Kd7 20. Ne4 Kc7 21. Bg5 Bf8 22. Ra1 Bb7 23. h3 h6 24. Bd2 Be7 25. Ra7 Ra8 26. Rxa8 Bxa8 27. f4 c5 28. Bd3 h5 29. g4 hxg4 30. hxg4 g6 31. Kf2 Nb6 32. Be3 Kc6 33. Nd2 Kd7 34. Nc4 Nxc4 35. Bxc4 Be4 36. Bd3 1/2-1/2


[Site "https://www.chess.com"]

[Event "Titled Tuesday Blitz January 10 Late 2023"]
[White "Riehle, Marco"]
[Black "Bluebaum, Matthias"]
[WhiteFideId "12904392"]
[BlackFideId "24651516"]
[WhiteElo "2368"]
[BlackElo "2669"]
[Result "1-0"]
[Round "04"]
[TimeControl "180+2"]
[Date "2023.01.10"]
[WhiteClock "0:01:22"]
[BlackClock "0:00:08"]

1. e4 e6 2. c4 d5 3. cxd5 exd5 4. Qb3 dxe4 5. Bc4 Qd7 6. Nh3 Nc6 7. Ng5 Nd4 8. Bxf7+ Kd8 9. Qd1 h6 10. Bxg8 hxg5 11. Bc4 Qg4 12. Qxg4 Bxg4 13. Bb3 Be2 14. d3 Bxd3 15. Bxg5+ Be7 16. Bxe7+ Kxe7 17. Nc3 c6 18. O-O-O Rad8 19. Nxe4 Ne2+ 20. Kd2 Bxe4+ 21. Kxe2 Rxd1 22. Rxd1 Bxg2 23. Rd4 Rxh2 24. Rg4 Kf6 25. Rf4+ Kg6 26. Bc2+ Kh6 27. Rf8 Rh1 28. f4 g5 29. fxg5+ Kg7 30. Rd8 Bh3 31. Rb8 Rh2+ 32. Kd1 Bg4+ 33. Kc1 Rh1+ 34. Kd2 Rh2+ 35. Kc3 Kf7 36. g6+ Kf6 37. Rf8+ Kg7 38. Rf7+ Kg8 39. Bb3 Rh3+ 40. Kd4 Rh5 41. Rxb7+ 1-0


[Site "https://www.chess.com"]

[Event "Titled Tuesday Blitz January 10 Late 2023"]
[White "Klukin, Kirill"]
[Black "Kamsky, Gata"]
[WhiteFideId "24199273"]
[BlackFideId "2000024"]
[WhiteElo "2390"]
[BlackElo "2665"]
[Result "1/2-1/2"]
[Round "04"]
[TimeControl "180+2"]
[Date "2023.01.10"]
[WhiteClock "0:00:07"]
[BlackClock "0:00:04"]

1. d4 Nf6 2. Nf3 d5 3. c4 c6 4. Nc3 a6 5. e3 g6 6. b3 Bg7 7. Bb2 O-O 8. Bd3 Bg4 9. h3 Bxf3 10. Qxf3 e6 11. O-O Nbd7 12. Rfd1 Qb8 13. Qe2 Rd8 14. a4 a5 15. Ba3 Qc7 16. Rdc1 Qb8 17. Rab1 Bf8 18. Bxf8 Rxf8 19. b4 axb4 20. Rxb4 Ra7 21. Rcb1 Qc7 22. c5 e5 23. Qb2 Rb8 24. Be2 exd4 25. exd4 Nf8 26. Rb6 Ne6 27. Qd2 Nd7 28. R6b4 Nf6 29. Bf3 Re8 30. Qb2 Re7 31. Qd2 Kg7 32. g3 h6 33. Rb6 Ng5 34. Bg2 Qc8 35. Kh2 Qf5 36. Re1 Rxe1 37. Qxe1 Nf3+ 38. Bxf3 Qxf3 39. Qe3 Qf5 40. Kg2 Ne4 41. Nxe4 Qxe4+ 42. Qxe4 dxe4 43. Rb4 Kf6 44. f3 exf3+ 45. Kxf3 Ke6 46. Ke3 Kd5 47. Kd3 f5 48. Ke3 g5 49. Kf3 Ra8 50. Ke3 Re8+ 51. Kd3 Re7 52. Rb1 Re4 53. Rb4 f4 54. gxf4 Rxf4 55. a5 Rh4 56. Rxb7 Rxh3+ 57. Ke2 Kxd4 58. a6 Kxc5 59. a7 Ra3 60. Rh7 Kb6 61. Rxh6 Rxa7 62. Rg6 Ra5 63. Kd3 Rd5+ 64. Kc4 Rf5 65. Rg8 Rf4+ 66. Kd3 g4 67. Ke3 Ra4 68. Kd3 Kb5 69. Rb8+ Kc5 70. Rg8 g3 71. Rg5+ Kb6 72. Kc3 Ra3+ 73. Kb4 Rf3 74. Kc4 Kc7 75. Kc5 Kd7 76. Kd4 Ke6 77. Ke4 Ra3 78. Rg6+ Kd7 79. Ke5 Kc7 80. Kd4 Kb6 81. Kc4 Rf3 82. Rg5 Kc7 83. Kc5 Kd7 84. Rg6 Ra3 85. Kd4 Kc7 86. Kc5 Rd3 87. Kc4 Rf3 88. Kd4 Kb6 89. Kc4 Re3 90. Kd4 Ra3 91. Kc4 Kc7 92. Kc5 Kd7 93. Kd4 Ke7 94. Ke4 Kf7 95. Rxc6 g2 96. Rc1 Kf6 97. Rg1 Rg3 98. Kf4 Rg5 99. Kf3 Kf5 100. Rxg2 Rxg2 101. Kxg2 1/2-1/2


[Site "https://www.chess.com"]

[Event "Titled Tuesday Blitz January 10 Late 2023"]
[White "Papasimakopoulos, Alexandros"]
[Black "Remizov, Yaroslav"]
[WhiteFideId "4244125"]
[BlackFideId "34134015"]
[WhiteElo "2401"]
[BlackElo "2421"]
[Result "1-0"]
[Round "04"]
[TimeControl "180+2"]
[Date "2023.01.10"]
[WhiteClock "0:00:26"]
[BlackClock "0:00:03"]

1. d4 d5 2. c4 e6 3. Nc3 c6 4. e3 Nf6 5. Nf3 Nbd7 6. Be2 Bd6 7. O-O O-O 8. b3 b6 9. Bb2 Bb7 10. Rc1 Rc8 11. Qd3 Qe7 12. e4 dxe4 13. Nxe4 Nxe4 14. Qxe4 Nf6 15. Qh4 c5 16. Rcd1 h6 17. Rfe1 Rfd8 18. d5 exd5 19. Bd3 Ne4 20. Qg4 f5 21. Qxf5 Rf8 22. Qg6 Rc6 23. Qh5 Rxf3 24. Qxf3 Ng5 25. Qxd5+ Qf7 26. Re8+ Bf8 27. h4 Ne6 28. Rb8 Rc7 29. Qf5 Rd7 30. Qh7# 1-0


[Site "https://www.chess.com"]

[Event "Titled Tuesday Blitz January 10 Late 2023"]
[White "Zhigalko, Sergei"]
[Black "Sokolovsky, Yahli"]
[WhiteFideId "13502956"]
[BlackFideId "2820242"]
[WhiteElo "2572"]
[BlackElo "2461"]
[Result "0-1"]
[Round "04"]
[TimeControl "180+2"]
[Date "2023.01.10"]
[WhiteClock "0:00:04"]
[BlackClock "0:00:06"]

1. e4 d6 2. d4 g6 3. Nc3 Bg7 4. Nf3 a6 5. Be3 b5 6. a4 b4 7. Ne2 Nf6 8. Ng3 Bb7 9. Bd3 O-O 10. O-O Nc6 11. d5 Nb8 12. Qd2 c5 13. Bh6 e6 14. dxe6 fxe6 15. Bc4 d5 16. Ba2 dxe4 17. Bxe6+ Kh8 18. Qxd8 Rxd8 19. Ng5 Re8 20. Bxg7+ Kxg7 21. Ba2 Re7 22. Ne6+ Kh6 23. Nxc5 Bc6 24. Rfd1 Nbd7 25. Rd6 Nxc5 26. Rxc6 Ncd7 27. Rd1 a5 28. h3 Kg7 29. Rc7 Rae8 30. Bb3 Ne5 31. Rc5 Ra7 32. Rd6 Ned7 33. Rb5 e3 34. fxe3 Rxe3 35. Kf2 Re7 36. Kf1 Ra8 37. Rb7 Rf8 38. Kg1 Rfe8 39. Kh2 Nc5 40. Rxe7+ Rxe7 41. Rc6 Nxb3 42. cxb3 Re3 43. Rc7+ Kh6 44. Rc6 Kg7 45. Rc7+ Kg8 46. Rc2 Rxb3 47. Ne2 Rd3 48. Nf4 Rd6 49. Rc5 Rd2 50. b3 Rb2 51. Rxa5 Rxb3 52. Rb5 Rb2 53. Rb7 b3 54. Ne6 Nd5 55. Rg7+ Kh8 56. Rd7 Nf6 57. Rd8+ Ng8 58. Rb8 Ra2 59. Rb7 Rxa4 60. Ng5 Rh4 61. g3 Rh5 62. h4 Nf6 63. Kh3 h6 64. Nf7+ Kg8 65. Nd6 Rd5 66. Nc4 Rd3 67. Ne5 Rc3 68. Kh2 Ne4 69. g4 Rc2+ 70. Kh3 b2 71. Nxg6 Nc3 72. Ne7+ Kf8 73. Ng6+ Ke8 74. g5 hxg5 75. h5 b1=Q 76. Rxb1 Nxb1 77. h6 Rc7 78. Kg4 Rh7 79. Kxg5 Nc3 80. Nf4 Kf8 81. Kg6 Kg8 82. Ne6 Nd5 83. Ng7 Ne7+ 84. Kg5 Kf7 85. Nh5 Ng8 86. Nf6 Nxf6 0-1


[Site "https://www.chess.com"]

[Event "Titled Tuesday Blitz January 10 Late 2023"]
[White "Kuznetsov, Felix"]
[Black "Sourath Biswas"]
[WhiteFideId "34147990"]
[BlackFideId "35091484"]
[WhiteElo "2254"]
[BlackElo "2281"]
[Result "1-0"]
[Round "04"]
[TimeControl "180+2"]
[Date "2023.01.10"]
[WhiteClock "0:00:25"]
[BlackClock "0:00:08"]

1. e4 c6 2. d4 d5 3. exd5 cxd5 4. Bd3 Nc6 5. c3 Nf6 6. Bf4 Bg4 7. Qb3 Qd7 8. Nd2 e6 9. Ngf3 Bd6 10. Bxd6 Qxd6 11. O-O O-O 12. Rfe1 Ne7 13. Ne5 Bf5 14. Bxf5 Nxf5 15. a4 Rab8 16. Nd3 Rfc8 17. a5 h5 18. h3 b6 19. a6 Qc7 20. Ne5 Nd6 21. Qd1 b5 22. Nd3 Nc4 23. Nb3 g6 24. Nbc5 Nd7 25. b3 Nxc5 26. Nxc5 Nd6 27. b4 Ne4 28. Re3 Nxc5 29. dxc5 Qf4 30. Qd3 Rc6 31. Ree1 Kf8 32. Ra5 Qc4 33. Qg3 Rd8 34. Qe5 d4 35. cxd4 Qxd4 36. Qxd4 Rxd4 37. Rxb5 Rxa6 38. Rb7 Rc4 39. b5 Ra5 40. c6 a6 41. c7 Rxb5 42. Rb8+ Kg7 43. c8=Q Rxc8 44. Rxc8 Rb2 45. Ra8 Ra2 46. Rd1 g5 47. Rd6 g4 48. hxg4 hxg4 49. g3 Rc2 50. Rdxa6 Rc5 51. Ra4 Rg5 52. R8a5 f5 53. Ra7+ Kf6 54. R7a6 Rg7 55. Ra2 Rd7 56. Re2 Re7 57. Kg2 Kf7 58. Re3 Kf6 59. f3 gxf3+ 60. Kxf3 Kf7 61. Kf4 Kf6 62. Re5 Kf7 63. Kg5 Re8 64. Kf4 Kf6 65. Rxf5+ 1-0


[Site "https://www.chess.com"]

[Event "Titled Tuesday Blitz January 10 Late 2023"]
[White "Leiva, Gianmarco"]
[Black "Dubov, Daniil"]
[WhiteFideId "3804399"]
[BlackFideId "24126055"]
[WhiteElo "2392"]
[BlackElo "2708"]
[Result "0-1"]
[Round "04"]
[TimeControl "180+2"]
[Date "2023.01.10"]
[WhiteClock "0:01:20"]
[BlackClock "0:01:52"]

1. d4 Nf6 2. Nf3 e6 3. Bf4 b6 4. e3 Bb7 5. Bd3 Bd6 6. Bg5 h6 7. Bh4 c5 8. c3 Nc6 9. O-O g5 10. Bg3 Bxg3 11. hxg3 h5 12. dxc5 h4 13. Nxg5 Ne5 14. Be2 hxg3 15. f4 Ne4 16. Qd4 Nxg5 17. Qxe5 Nf3+ 18. Rxf3 Rh1+ 0-1


[Site "https://www.chess.com"]